 Dungeon Crawl Stone Soup version 0.22.1-2-g9c5b331 (webtiles) character file.

204 thomasnlv21 the Skirmisher (level 5, 0/70 HPs)
             Began as a Minotaur Berserker on Nov 18, 2018.
             Was a Believer of Trog.
             Slain by a gnoll
             ... wielding a +0 spear of venom
              (8 damage)
             ... on level 3 of the Dungeon.
             The game lasted 00:06:51 (2553 turns).

thomasnlv21 the Skirmisher (Minotaur Berserker)     Turns: 2553, Time: 00:06:52

Health: 0/70       AC:  5    Str: 28    XL:     5   Next: 52%
Magic:  4/4        EV: 12    Int:  4    God:    Trog [**....]
Gold:   106        SH:  0    Dex:  9    Spells: 4/4 levels left

rFire    . . .     SeeInvis .   a - +0 hand axe
rCold    . . .     Gourm    +   (no shield)
rNeg     . . .     Faith    .   f - +0 ring mail
rPois    .         Spirit   .   (helmet restricted)
rElec    .         Reflect  .   (no cloak)
rCorr    .         Harm     .   (no gloves)
MR       .....                  (no boots)
Stlth    ..........             d - amulet of the gourmand
HPRegen  0.21/turn              (no ring)
MPRegen  0.09/turn              (no ring)

@: berserking, lethally poisoned (0 -> -37), very quick
A: retaliatory headbutt, horns 2
a: Berserk, Trog's Hand, Renounce Religion


You were on level 3 of the Dungeon.
You worshipped Trog.
Trog was pleased with you.
You were very full.

You visited 1 branch of the dungeon, and saw 3 of its levels.

You collected 106 gold pieces.

Inventory:

Hand Weapons
 a - a +0 hand axe (weapon)
Armour
 b - a +0 animal skin
 f - a +0 ring mail (worn)
Jewellery
 d - an amulet of the gourmand (around neck)
 e - an uncursed amulet of faith {unknown}
 g - an uncursed amulet of faith {unknown}
Scrolls
 i - a scroll of enchant armour {unknown}
Comestibles
 c - 6 rations
 h - a chunk of flesh


   Skills:
 + Level 4.9 Fighting
 + Level 4.8 Axes
 + Level 4.1 Armour
 + Level 3.6 Dodging


You had 4 spell levels left.
You didn't know any spells.
Your spell library was empty.

Dungeon Overview and Level Annotations

Branches:
Dungeon (3/15)

Altars:
Cheibriados
Sif Muna


Innate Abilities, Weirdness & Mutations

You reflexively headbutt those who attack you in melee.
You have a pair of horns on your head.


Message History

You closely miss the gnoll.
You headbutt the gnoll, but do no damage.
The gnoll is lightly wounded.
You feel very sick.
The gnoll hits you with a spear of venom.
You are more poisoned.
The gnoll misses you.
You hit the gnoll.
The gnoll is heavily wounded.
* * * LOW HITPOINT WARNING * * *
You feel very sick. The gnoll closely misses you.
The gnoll hits you from afar with a spear.
* * * LOW HITPOINT WARNING * * *
A red film seems to cover your vision as you go berserk!
You feel yourself moving faster!
You feel mighty!
* * * LOW HITPOINT WARNING * * *
You feel very sick.
The gnoll hits you with a spear of venom!
You die...

## ############# .##
#...........### ..#
#.............. ..#
#..............
..#########...†)@.g......
.†........'....†g...)....
(.###...###..............
..###.#.##.#######..$....
<.....#.##. ......g
#######.##. ######. #....
####. #.


You could see 2 gnolls.

Vanquished Creatures
  An ogre (D:2)
  5 gnolls
  2 worms (D:2)
  4 dart slugs
  A leopard gecko (D:2)
  9 bats
  4 giant cockroaches
  11 goblins
  2 hobgoblins (D:1)
  11 kobolds
  A quokka (D:2)
  A ball python (D:2)
  3 frilled lizards
  5 rats
60 creatures vanquished.

Notes
Turn   | Place    | Note
-------+----------+-------------------------------------------
     0 | D:1      | thomasnlv21 the Minotaur Berserker began the quest for the
                  | Orb.
     0 | D:1      | Reached XP level 1. HP: 19/19 MP: 0/0
   154 | D:1      | Reached XP level 2. HP: 26/27 MP: 1/1
   579 | D:1      | Reached XP level 3. HP: 20/33 MP: 2/2
   720 | D:1      | Reached ** piety under Trog
  1175 | D:2      | Noticed an ogre
  1182 | D:2      | Killed an ogre
  1182 | D:2      | Reached XP level 4. HP: 41/41 MP: 3/3
  1628 | D:2      | Reached XP level 5. HP: 43/47 MP: 4/4
  2167 | D:2      | Found a deep blue altar of Sif Muna.
  2294 | D:2      | Found a snail-covered altar of Cheibriados.
  2553 | D:3      | Slain by a gnoll

Skill      XL: |  1  2  3  4  5 |
---------------+----------------+-----
Fighting       | 4 |  4.9
Axes           | 4 |  4.8
Armour         | 3 4 |  4.1
Dodging        | 3 |  3.6

Action                   |  1- 3 |  4- 6 || total
-------------------------+-------+-------++-------
Melee: Hand axe          |    44 |    72 ||   116
       Headbutt          |     7 |    19 ||    26
Invok: Berserk           |       |     1 ||     1
  Use: Potion            |     1 |     1 ||     2
       Scroll            |     3 |     2 ||     5
  Eat: Chunk             |     8 |    10 ||    18
Armor: Animal skin       |     8 |       ||     8
       Ring mail         |     2 |    26 ||    28
       Skin              |       |     6 ||     6
Dodge: Dodged            |    31 |    51 ||    82
